 Dungeon Crawl Stone Soup version 0.29.1-12-g30fa7ad0bf (webtiles) character file.

Game seed: 496140145215955983

20321 Unglued128 the Thaumaturge (level 12, -1/89 HPs)
             Began as a Black Draconian Earth Elementalist on Jan 3, 2023.
             Was a Priest of Qazlal.
             Slain by a polar bear (2 damage)
             ... while petrified by a basilisk
             ... on level 2 of the Lair of Beasts on Jan 4, 2023.
             The game lasted 02:13:24 (19924 turns).

Unglued128 the Thaumaturge (DrEE)                  Turns: 19924, Time: 02:13:24

Health: -1/89      AC: 11    Str: 11    XL:     12   Next: 44%
Magic:  13/27      EV:  2    Int: 20    God:    Qazlal [***...]
Gold:   976        SH:  0    Dex: 18    Spells: 25/34 levels left

rFire   + . .      SeeInvis .   w - staff of death
rCold   + . .      Faith    .   (no shield)
rNeg    + + +      Spirit   .   (body armour unavailable)
rPois   ∞          Reflect  .   (helmet restricted)
rElec   +          Harm     .   P - scarf {rC+ rF+}
rCorr   .          Rampage  .   I - +0 pair of gloves
Will    .....                   B - +1 pair of boots
Stlth   ++........              e - amulet of the acrobat
HPRegen 0.24/turn               i - ring of positive energy
MPRegen 0.20/turn               p - +6 ring of dexterity

@: petrified
A: breathe lightning, AC +8, unfitting armour, electricity resistance,
cold-blooded
a: Breathe Lightning, Renounce Religion, Upheaval, Elemental Force


You were on level 2 of the Lair of Beasts.
You worshipped Qazlal.
Qazlal was most pleased with you.
You visited 4 branches of the dungeon, and saw 16 of its levels.

You collected 1054 gold pieces.
You spent 78 gold pieces at shops.

Inventory:

Hand Weapons
 S - a +0 quarterstaff
Missiles
 b - 32 poisoned darts (quivered)
 C - 2 throwing nets
 U - 2 curare-tipped darts
Armour
 h - an orb of wrath
 A - a +1 cloak
 B - a +1 pair of boots (worn)
 I - a +0 pair of gloves (worn)
 J - an orb of mayhem
 P - a scarf of resistance (worn)
Magical Staves
 w - a staff of death (weapon)
 W - a staff of cold
 X - a staff of fire
Jewellery
 e - an amulet of the acrobat (around neck)
 i - a ring of positive energy (left hand)
 m - a ring of poison resistance
 p - a +6 ring of dexterity (right hand)
 u - an amulet of guardian spirit
 G - a ring of ice
Wands
 x - a wand of mindburst (20)
 y - a wand of charming (11)
 z - a wand of iceblast (11)
 L - a wand of digging (7)
 O - a wand of flame (3)
 T - a wand of light (4)
Scrolls
 g - 2 scrolls of fog
 j - 2 scrolls of teleportation
 n - 3 scrolls of poison
 o - a scroll of immolation
 r - a scroll of blinking
 v - 2 scrolls of magic mapping
 F - a scroll of identify
 H - 2 scrolls of noise
 K - 2 scrolls of enchant weapon
 M - a scroll of summoning
 Q - a scroll of fear
Potions
 a - 3 potions of magic
 c - 3 potions of attraction
 d - a potion of ambrosia
 f - a potion of cancellation {unknown}
 k - a potion of invisibility
 l - 4 potions of might
 q - 3 potions of mutation
 s - 2 potions of resistance
 t - 6 potions of brilliance
 D - 3 potions of flight
 E - 4 potions of berserk rage
 N - a potion of lignification
 R - 2 potions of haste
 V - a potion of heal wounds


   Skills:
 + Level 3.1 Fighting
 + Level 0.7 Staves
 + Level 4.8 Throwing
 + Level 3.4 Dodging
 + Level 3.5 Stealth
 + Level 0.8 Shields
 + Level 11.6 Spellcasting
 + Level 4.9 Conjurations
 + Level 1.1 Transmutations
 * Level 11.3 Air Magic
 + Level 9.0 Earth Magic
 + Level 1.2 Evocations


You had 25 spell levels left.
You knew the following spells:

 Your Spells              Type           Power      Damage    Failure   Level
a - Sandblast             Erth           94%        2d19      1%          1
b - Passwall              Tmut/Erth      25%        N/A       1%          2
c - Static Discharge      Conj/Air       44%        3-9/arc   1%          2
d - Airstrike             Air            27%        2d(4-20)  1%          4

Your spell library contained the following spells:

 Spells                   Type           Power      Damage    Failure   Level
 Stone Arrow              Conj/Erth      78%        3d11      1%          3
 Beastly Appendage        Tmut           32%        N/A       3%          1
 Wereblood                Tmut           16%        N/A       5%          2
 Apportation              Tloc           22%        N/A       6%          1
 Necrotise                Necr           68%        1d7       6%          1
 Summon Small Mammal      Summ           44%        N/A       6%          1
 Petrify                  Tmut/Erth      31%        N/A       8%          4
 Spider Form              Tmut/Pois      13%        N/A       14%         3
 Silence                  Hex/Air        17%        N/A       16%         5
 Iskenderun's Battlesphe  Conj           31%        2d8       22%         5
 Ice Form                 Ice/Tmut       13%        N/A       43%         4
 Iron Shot                Conj/Erth      19%        9d4       45%         6
 Blade Hands              Tmut           8%         N/A       71%         5
 Statue Form              Tmut/Erth      20%        N/A       75%         6
 Manifold Assault         Tloc           11%        N/A       86%         5
 Maxwell's Capacitive Co  Air            27%        ∞         98%         8
 Spellforged Servitor     Conj/Summ      10%        N/A       100%        7
 Disjunction              Tloc           5%         N/A       100%        8
 Animate Armour           Summ/Erth      Unusable   N/A       N/A         4

Dungeon Overview and Level Annotations

Branches:
Dungeon (12/15)            Temple (1/1) D:7            Lair (2/5) D:10
 Shoals (0/4) Lair:2          Orc (1/2) D:9
  Snake: Lair:2-3    Spider: Lair:2-3

Altars:
Ashenzari
Cheibriados
Dithmenos
Elyvilon
Fedhas
Gozag
Hepliaklqana
Kikubaaqudgha
Makhleb
Nemelex Xobeh
Okawaru
Qazlal
Ru
Sif Muna
Trog
Uskayaw
Vehumet
Wu Jian
Xom
Yredelemnul
Zin
The Shining One
Lugonu

Shops:
D:2 (*:[*

Annotations:
Lair:1 exclusion: oklob plant


Innate Abilities, Weirdness & Mutations

You can breathe wild blasts of lightning.
Your glossy black scales are hard. (AC +8)
You cannot fit into any form of body armour.
You are resistant to electric shocks. (rElec)
You are cold-blooded and may be slowed by cold attacks.


Message History

The polar bear claws you. The basilisk gazes at you.
You are slowing down.
Casting: Static Discharge (safe; 1% risk of failure)
Confirm with . or Enter, or press ? or * to list all spells.
The polar bear is struck by an arc of lightning.
The polar bear is heavily wounded.
You resist.
You are struck by an arc of lightning.
The polar bear is struck by an arc of lightning!
The polar bear is heavily wounded.
The lightning grounds out.
The basilisk is struck by an arc of lightning.
The basilisk is almost dead.
You resist.
You are struck by an arc of lightning.
The lightning grounds out.
The basilisk bites you but does no damage.
The polar bear closely misses you. The polar bear claws you.
The polar bear closely misses you.
Your limbs are stiffening.
Casting: Static Discharge (safe; 1% risk of failure)
Confirm with . or Enter, or press ? or * to list all spells.
The polar bear is struck by an arc of lightning.
The polar bear is severely wounded.
You resist.
You are struck by an arc of lightning.
The basilisk is struck by an arc of lightning!
You kill the basilisk!
Qazlal accepts your kill. You resist.
You are struck by an arc of lightning.
The polar bear is struck by an arc of lightning!
The polar bear is almost dead.
The lightning grounds out.
The polar bear goes berserk!
The polar bear bites you!!
* * * LOW HITPOINT WARNING * * *
The polar bear claws you but does no damage.
The polar bear claws you.
You have turned to stone.
The polar bear bites you!!
* * * LOW HITPOINT WARNING * * *
The polar bear claws you but does no damage. x2
The polar bear bites you!!
* * * LOW HITPOINT WARNING * * *
The polar bear claws you.
You die...

,**,,,,,,,,,,,,,,****,,,,,,,,**
,,*,,,,,,,,,,,,,+,,**,,,,,,,**
,,,,,,,,,,,,,,,,,*,,,.....,,*
,,+,,,,,..,,,,,,,,*,,.....,,**
,**,,,,,...,,,,,,**,,........*
**,,*,**##..#+#,*****P..,...**
*******#....((### ##.P,,..## **
**,,.....P(h.###.##**...#
,****,+,.....(.†@☼#...###..+##
,**,,,,,$......†.........#...#
,***,,,,$..............P.#...#
,,,+,,,,...$$........#...#...#
,,,,,,,,....^......#.....P...#
,***,,,,...........#...#...#.#
** *,,,,.....?###.#####.##'#**
*,,,,,.=..#* ### ###P.##
*,..+,,*##,* ##...#


You could see a polar bear (berserk).

Vanquished Creatures
  Josephine (Orc:1)
  Fannar (D:10)
  2 two-headed ogres (D:11)
  Urug (D:10)
  Pikel (D:8)
  An orc sorcerer (Orc:1)
  5 cane toads
  4 kobold demonologists
  A komodo dragon (D:10)
  A polar bear (Lair:1)
  2 hornets (D:9)
  8 blink frogs (Lair:1)
  Prince Ribbit (Lair:1)
  A shadow (D:10)
  6 wraiths
  A vampire (D:9)
  5 wyverns
  23 yaks
  2 basilisks (Lair:2)
  A steam dragon (D:6)
  A warg (D:9)
  An acid dragon (D:8)
  4 water moccasins
  6 orc warriors
  2 sky beasts (D:6)
  A black bear (D:4)
  An ice beast (D:8)
  An ogre (D:6)
  5 wolves (Lair:1)
  3 centaurs (D:8)
  A lemure (D:8)
  2 phantoms
  7 kobold brigands
  3 necrophages
  7 bullfrogs
  3 scorpions
  3 wights (D:9)
  10 killer bees (D:9)
  6 jellies
  7 orc priests
  3 hounds
  A gnoll bouda (D:6)
  2 iguanas
  13 orc wizards
  Natasha (thrice) (D:2)
  9 gnolls (D:6)
  6 adders
  A shadow imp (D:6)
  A white imp (D:7)
  An ufetubus (D:6)
  3 worms
  3 dart slugs
  32 orcs
  5 bats
  9 endoplasms
  3 giant cockroaches
  5 hobgoblins
  3 jackals (D:1)
  4 quokkas
  6 ball pythons
  5 frilled lizards
  5 goblins
  28 kobolds
  5 rats
298 creatures vanquished.

Vanquished Creatures (collateral kills)
  A howler monkey (D:9)
  An orc priest (D:9)
  3 orcs
5 creatures vanquished.

Vanquished Creatures (others)
  An unseen horror (D:10)
  An orc warrior (Orc:1)
  An orc (Orc:1)
  A kobold (D:11)
  A bush (Lair:1)
  22 fungi
  23 plants
50 creatures vanquished.

Grand Total: 353 creatures vanquished

Notes
Turn   | Place    | Note
-------+----------+-------------------------------------------
     0 | D:1      | Unglued128 the Draconian Earth Elementalist began the quest
                  | for the Orb.
     0 | D:1      | Reached XP level 1. HP: 14/14 MP: 3/3
   239 | D:1      | Found a faded altar of an unknown god.
   601 | D:1      | Reached XP level 2. HP: 20/20 MP: 1/5
  1323 | D:2      | Found Havegasch's Weapon Shoppe.
  1360 | D:2      | Found Huxuirek's Book Shop.
  1601 | D:2      | Found Zofyv's Antique Armour Shop.
  1620 | D:2      | Noticed Natasha
  1624 | D:2      | Killed Natasha
  1625 | D:2      | Reached XP level 3. HP: 19/26 MP: 1/6
  1912 | D:2      | Found Irizein's General Store.
  1916 | D:2      | Bought a potion of might for 52 gold pieces
  1916 | D:2      | Bought a scroll of identify for 26 gold pieces
  1964 | D:2      | Noticed Natasha
  1970 | D:2      | Killed Natasha
  1971 | D:2      | Reached XP level 4. HP: 27/33 MP: 5/8
  2113 | D:2      | Noticed Natasha
  2116 | D:2      | Killed Natasha
  2117 | D:2      | Reached skill level 1 in Throwing
  2183 | D:2      | Found Melen's Assorted Antiques.
  2758 | D:3      | Reached XP level 5. HP: 38/38 MP: 7/9
  2959 | D:3      | Found a sparkling altar of Nemelex Xobeh.
  3118 | D:3      | Reached skill level 5 in Earth Magic
  3440 | D:3      | Learned a level 2 spell: Passwall
  3664 | D:4      | Reached XP level 6. HP: 36/45 MP: 6/11
  3999 | D:4      | Your scales start taking on a glossy black colour.
  3999 | D:4      | Reduced skill Earth Magic to level 5
  3999 | D:4      | Reached XP level 7. HP: 47/50 MP: 6/13
  3999 | D:4      | Gained mutation: You are resistant to electric shocks.
                  | (rElec) [Black Draconian growth]
  4598 | D:4      | Found a shimmering altar of Xom.
  4617 | D:4      | Found a shimmering blue altar of Sif Muna.
  4634 | D:4      | Found a hazy altar of Hepliaklqana.
  4641 | D:4      | Found a glowing silver altar of Zin.
  4646 | D:4      | Found a broken altar of Ashenzari.
  4654 | D:4      | Found a hide-covered altar of Uskayaw.
  4659 | D:4      | Found a bloodstained altar of Trog.
  4789 | D:5      | Entered Level 5 of the Dungeon
  4800 | D:5      | Reached skill level 5 in Spellcasting
  5215 | D:5      | Reached XP level 8. HP: 57/57 MP: 14/16
  6605 | D:6      | Got the Volume of Frozen Elsewhere
  7271 | D:6      | Identified a scroll of acquirement
  7271 | D:6      | Acquired Sif Muna's Directory of Terra Firma and Fog
  7276 | D:6      | Learned a level 2 spell: Static Discharge
  7308 | D:7      | Reached XP level 9. HP: 63/63 MP: 18/20
  7429 | D:7      | Found a snail-covered altar of Cheibriados.
  7616 | D:7      | Found a staircase to the Ecumenical Temple.
  7624 | Temple   | Entered the Ecumenical Temple
  7640 | Temple   | Became a worshipper of Qazlal Stormbringer
  7834 | D:7      | Found a sacrificial altar of Ru.
  8340 | D:8      | Reached skill level 1 in Air Magic
  8819 | D:8      | Noticed Pikel
  8841 | D:8      | Killed Pikel
  8842 | D:8      | Reached skill level 1 in Fighting
  9135 | D:9      | Reached skill level 1 in Conjurations
  9135 | D:9      | Reached XP level 10. HP: 66/71 MP: 12/22
  9275 | D:9      | Identified the +9 war axe of the Madman {vorpal, rN+}
  9455 | D:9      | Found a staircase to the Orcish Mines.
  9556 | D:9      | Reached * piety under Qazlal
 10432 | D:8      | Learned a level 4 spell: Airstrike
 10716 | D:9      | Noticed a fire dragon
 11185 | D:9      | Reached skill level 5 in Air Magic
 11272 | D:10     | Entered Level 10 of the Dungeon
 11302 | D:10     | Noticed Urug
 11380 | D:10     | Noticed Fannar
 11516 | Orc:1    | Entered Level 1 of the Orcish Mines
 11526 | Orc:1    | Noticed an orc sorcerer
 11531 | Orc:1    | Noticed Josephine
 11533 | Orc:1    | Killed an orc sorcerer
 12610 | D:10     | Killed Fannar
 12918 | D:10     | Found a staircase to the Lair.
 12933 | D:10     | Reached XP level 11. HP: 52/81 MP: 16/24
 13134 | D:10     | Found a radiant altar of Vehumet.
 13134 | D:10     | Found a basalt altar of Yredelemnul.
 13135 | D:10     | Found an ornate altar of the Wu Jian Council.
 13511 | D:10     | Noticed a sixfirhy
 13515 | D:10     | Reached skill level 10 in Spellcasting
 14210 | D:11     | Found a sacrificial altar of Ru.
 14260 | D:11     | Noticed a soul eater
 14269 | D:11     | Reached skill level 1 in Evocations
 14478 | D:11     | Reached ** piety under Qazlal
 14559 | D:11     | Noticed a two-headed ogre
 14736 | D:11     | Noticed a two-headed ogre
 14742 | D:11     | Killed a two-headed ogre
 15383 | D:11     | Killed a two-headed ogre
 15447 | D:12     | Noticed a deep elf pyromancer
 15461 | D:12     | Noticed a cyan ugly thing
 15854 | Orc:1    | Killed Josephine
 16277 | Orc:1    | Noticed an orc warlord
 16484 | D:10     | Killed Urug
 16886 | Lair:1   | Entered Level 1 of the Lair of Beasts
 16910 | Lair:1   | Reached skill level 10 in Air Magic
 17094 | Lair:1   | Noticed Prince Ribbit
 17098 | Lair:1   | Killed Prince Ribbit
 17338 | Lair:1   | Reached XP level 12. HP: 77/89 MP: 14/26
 17793 | Lair:1   | Found a blossoming altar of Fedhas.
 18852 | Lair:1   | Reached *** piety under Qazlal
 19856 | Lair:2   | Found a staircase to the Shoals.
 19924 | Lair:2   | HP: 1/89 [polar bear (12)]
 19924 | Lair:2   | Slain by a polar bear

Illustrated notes

Levels and vault maps discovered:
D:1:      dpeg_arrival_lava_temple_mockup, layout_loops_corners, serial_bayou,
          serial_bayou_pond_a, serial_bayou_pond_a, serial_bayou_shore_a,
          serial_bayou_pond_a, ebering_ecumenical_altar_abandoned,
          patterned_corridor
D:2:      layout_loops_cross, serial_shops, shop_fountains,
          nicolae_diamond_shop, shop, nicolae_shop_hallway_stairs,
          nicolae_shop_behind_doors, nrook_campfire, grunt_ministairs_7,
          ebering_dispersal_statue_hall, roderic_roman_lattice, uniq_natasha
D:3:      minmay_razor_zed, layout_basic, lemuel_tele_altar
D:4:      minmay_angry_zag, layout_loops_cross, grunt_temple_overflow_octagram
D:5:      layout_cave_pods, nicolae_figureground_pulse
D:6:      layout_loops_corners, nicolae_benzene_ring, kennysheep_generic_room_10
D:7:      layout_rooms, overflow_temple_1_default, amcnicky_altar_gilded,
          minmay_temple_entry_wispy
D:8:      layout_basic, minmay_checkerbox, uniq_pikel
D:9:      dragon1_lemuel, layout_loops_corners, david_orc_1_choice, minivault_24
D:10:     layout_irregular_city, gammafunk_temple_overflow_claw,
          david_lair_shrubbed, uniq_fannar, uniq_urug
D:11:     layout_roguey, nicolae_ru_path_of_blood
D:12:     layout_rooms, serial_shops, nicolae_shop_behind_doors,
          nicolae_shop_overgrown_old_shop, cheibrodos_ashenzari_chains
Temple:   corrupted_temple
Lair:1:   layout_layer_cave, tgw_fedhas, grunt_megastairs_3, uniq_prince_ribbit2
Lair:2:   layout_roguey, elwin_shoals_entry_rocks, gauntlet_entry_generic,
          lemuel_fruit_fields, lemuel_fruit_fields
Orc:1:    layout_diamond_mine, led_sif_book, uniq_josephine

Skill      XL: |  1  2  3  4  5  6  7  8  9 10 11 12 |
---------------+-------------------------------------+-----
Stealth        | 2 3 |  3.5
Earth Magic    | 4 5 5 6 8 9 |  9.0
Throwing       | 1 2 3 4 |  4.8
Spellcasting   | 3 4 5 7 8 9 10 11 | 11.6
Dodging        | 2 3 |  3.4
Air Magic      | 3 7 10 11 | 11.3
Fighting       | 1 2 3 |  3.1
Conjurations   | 1 2 4 |  4.9
Evocations     | 1 |  1.2
Staves         | |  0.7
Shields        | |  0.8
Transmutations | |  1.1

Action                   |  1- 3 |  4- 6 |  7- 9 | 10-12 || total
-------------------------+-------+-------+-------+-------++-------
Melee: Staff             |       |       |     1 |    25 ||    26
       Tailslap          |       |       |       |     3 ||     3
Throw: Dart              |    22 |    32 |    65 |    80 ||   199
 Cast: Sandblast         |    31 |    71 |   173 |    80 ||   355
       Passwall          |       |     2 |       |       ||     2
       Static Discharge  |       |       |    29 |   175 ||   204
       Airstrike         |       |       |       |    34 ||    34
 Abil: Breathe Lightning |       |       |       |     2 ||     2
Evoke: Wand              |       |       |       |    20 ||    20
  Use: Scroll            |     3 |    10 |     9 |    14 ||    36
       Potion            |       |       |     2 |     4 ||     6
Armor: Skin              |     4 |     9 |    32 |    77 ||   122
Dodge: Dodged            |    15 |    25 |    46 |   165 ||   251
Block: Other             |       |       |       |    26 ||    26
